 Dungeon Sprint DCSS version 0.21-a0-274-gc1afaeb (webtiles) character file.

474 potatolord6000 the Evangelist (level 11, -4/166 HPs)
             Began as a Hill Orc Fighter on Sept 18, 2017.
             Was an Elder of Beogh.
             Slain by a red ugly thing (7 damage)
             ... in the Dungeon (Sprint VI: "Thunderdome").
             The game lasted 00:07:22 (1120 turns).

potatolord6000 the Evangelist (Hill Orc Fighter)    Turns: 1120, Time: 00:07:23

Health: -4/166     AC: 15    Str: 23    XL:     11   Next: 95%
Magic:  4/22       EV:  7    Int: 11    God:    Beogh [****..]
Gold:   166        SH: 19    Dex: 14    Spells: 10/10 levels left

rFire    + + .     SeeInvis .   n - +3 Elemental Staff {rElec rF++ rC++ MR++ AC+5}
rCold    + + .     Gourm    .   d - +0 large shield of Grottiness {rPois Str-5 Int+3 Dex+4} (curse)
rNeg     . . .     Faith    .   b - +0 scale mail
rPois    +         Spirit   .   (no helmet)
rElec    +         Reflect  .   (no cloak)
rCorr    .         Harm     .   a - +3 pair of gloves of Fortitude {rElec}
MR       ++...     NoTele   +   (no boots)
Stlth    ..........             (no amulet)
HPRegen  0.37/turn              (no ring)
MPRegen  0.18/turn              (no ring)

@: berserking, corroded, hasted, very quick
A: no striking features
}: 1/15 runes: serpentine
a: Smiting, Recall Orcish Followers, Renounce Religion


You were in the Dungeon.
You worshipped Beogh.
Beogh was greatly pleased with you.
You were not hungry.

You visited 1 branch You collected 830 gold pieces.
You spent 664 gold pieces at shops.

Inventory:

Hand Weapons
 n - the +3 Elemental Staff (weapon) {rElec rF++ rC++ MR++ AC+5}
   (You found it in the Dungeon)

   It affects your AC (+5).
   It greatly protects you from fire.
   It greatly protects you from cold.
   It insulates you from electricity.
   It affects your resistance to hostile enchantments.
Armour
 a - the +3 pair of gloves of Fortitude (worn) {rElec}
   (You bought it in a shop in the Dungeon)

   It insulates you from electricity.
 b - a +0 scale mail (worn)
 d - the cursed +0 large shield of Grottiness (worn) {rPois Str-5 Int+3 Dex+4}
   (You bought it in a shop in the Dungeon)

   It affects your strength (-5).
   It affects your intelligence (+3).
   It affects your dexterity (+4).
   It protects you from poison.
   It has a curse placed upon it.
Scrolls
 k - 4 scrolls of blinking
 l - 3 scrolls of fog
Potions
 e - a potion of curing
 h - 2 potions of haste
 m - a potion of resistance


   Skills:
 + Level 14.3 Fighting
   Level 13.4 Axes
 + Level 6.1 Staves
 + Level 13.3 Armour
 + Level 13.4 Shields
 + Level 15.2 Invocations


You had 10 spell levels left.
You didn't know any spells.

Dungeon Overview and Level Annotations

Branches:
Dungeon (1/1)

Altars:
Cheibriados
Dithmenos
Fedhas
Gozag
Kikubaaqudgha
Makhleb
Okawaru
Qazlal
Ru
Sif Muna
Trog
Uskayaw
Vehumet
Wu Jian
Xom
Yredelemnul
Zin
The Shining One
Beogh
Jiyva
Lugonu

Shops:
D *[%??*?*:[((!!!!


Message History

Beogh accepts your kill.
You can now recall your orcish followers.
The red ugly thing claws you.
* * * LOW HITPOINT WARNING * * *
You are engulfed in flames.
You resist.
* * * LOW HITPOINT WARNING * * *
The cyan ugly thing punches you!
* * * LOW HITPOINT WARNING * * *
The cyan ugly thing shocks you. You resist.
* * * LOW HITPOINT WARNING * * *
You sock the red ugly thing!
The red ugly thing is lightly wounded.
You block the red ugly thing's attack.
The cyan ugly thing punches you but does no damage.
You hit the red ugly thing.
The red ugly thing is moderately wounded.
The red ugly thing claws you!
* * * LOW HITPOINT WARNING * * *
You are engulfed in flames!
You resist.
You die...

###.........###
#⌠...).......⌠#
######.8..(......8.###
##∩___......###..)...__
###∩........8.# #.8......
##.............###.....÷..
#⌠..........###...###.....
#⌠..........# #.<.# #.....
#⌠.......@..###...###.....
##......uu.[..)###........
###∩...†....8.# #.8......
##∩__.)...[.###......__
######.8.........8.###
#⌠.....[..÷..⌠#
###.÷.......###
#_......._# #_......._#


You could see 2 ugly things.

Vanquished Creatures
  An anaconda (D)
  A sea snake (D)
  5 deep elf magi (D)
  A manticore (D)
  A cyclops (D)
  5 ugly things (D)
  A merfolk siren (D)
  A black mamba (D)
  A merfolk (D)
  A snapping turtle (D)
  A water elemental (D)
  Grum (D)
  A necrophage (D)
  2 wolves (D)
  3 hounds (D)
  2 jellies (D)
  An adder zombie (D)
  4 oozes (D)
  A giant cockroach zombie (D)
  A jackal skeleton (D)
  A quokka skeleton (D)
36 creatures vanquished.

Notes
Turn   | Place    | Note
-------+----------+-------------------------------------------
     0 | D        | potatolord6000 the Hill Orc Fighter began the quest for the Orb.
     0 | D        | Reached XP level 1. HP: 19/19 MP: 1/1
     2 | D        | Found a shadowy altar of Dithmenos.
     2 | D        | Found a viscous altar of Jiyva.
     3 | D        | Found a radiant altar of Vehumet.
     3 | D        | Found a glowing golden altar of the Shining One.
     4 | D        | Found a corrupted altar of Lugonu.
     4 | D        | Found a glowing silver altar of Zin.
     5 | D        | Found Jicvuna's Do-It-Yourself Clinic.
     5 | D        | Found a snail-covered altar of Cheibriados.
     5 | D        | Found a roughly hewn altar of Beogh.
     5 | D        | Found Qearaogh's Distillery.
     5 | D        | Round 1.
     6 | D        | Found Joicef's Bottled Wisdom.
     6 | D        | Found Imenk's Distillery.
    12 | D        | Found an iron altar of Okawaru.
    17 | D        | Became a worshipper of Beogh the Brigand
    20 | D        | Noticed a necrophage
    21 | D        | Found an ancient bone altar of Kikubaaqudgha.
    26 | D        | Reached skill level 1 in Invocations
    32 | D        | Killed a necrophage
    32 | D        | Reached skill level 5 in Fighting
    32 | D        | Reached skill level 5 in Axes
    32 | D        | Reached skill level 5 in Armour
    32 | D        | Reached skill level 5 in Shields
    32 | D        | Reached skill level 4 in Invocations
    32 | D        | Reached XP level 2. HP: 29/30 MP: 1/5
    32 | D        | Reached XP level 3. HP: 36/37 MP: 1/6
    32 | D        | Reached XP level 4. HP: 43/44 MP: 1/7
    35 | D        | Found Couheg's Staff Store.
    37 | D        | Found a sacrificial altar of Ru.
    37 | D        | Found a deep blue altar of Sif Muna.
    37 | D        | Found Daashrem's Magic Scroll Shop.
    38 | D        | Found Yjeicet's Must-Have Magic.
    38 | D        | Found Siaqikk's Magic Scroll Shop.
    43 | D        | Found an opulent altar of Gozag.
    45 | D        | Found a bloodstained altar of Trog.
    46 | D        | Found a burning altar of Makhleb.
    47 | D        | Found Lub Hyimn's Bee Food.
    49 | D        | Reached * piety under Beogh
    49 | D        | Reached skill level 5 in Invocations
    52 | D        | Found a hide-covered altar of Uskayaw.
    52 | D        | Found a blossoming altar of Fedhas.
    52 | D        | Found Huxofuo's Identification Station.
    54 | D        | Found Lekhlecs's Jewellery.
    54 | D        | Found Utozeemiwo's Advanced Armour.
    60 | D        | Found a basalt altar of Yredelemnul.
    61 | D        | Found a shimmering altar of Xom.
    63 | D        | Found an ornate altar of the Wu Jian Council.
    65 | D        | Found Vistraesu's Premium Goods.
    66 | D        | Found a stormy altar of Qazlal.
    66 | D        | Found Muqezxon's Weapon Rack.
    67 | D        | Found Rurubu's Miscellaneous Merchandise.
    67 | D        | Found Bojues's Basic Armour.
    74 | D        | Arena points: 12 (+12) [x2]
   125 | D        | Round 2.
   153 | D        | Reached ** piety under Beogh
   179 | D        | Reached XP level 5. HP: 37/50 MP: 7/9
   260 | D        | Reached *** piety under Beogh
   300 | D        | Arena points: 54 (+42) [x3]
   300 | D        | Reached skill level 6 in Invocations
   315 | D        | Round 3.
   379 | D        | Reached skill level 7 in Invocations
   379 | D        | Reached XP level 6. HP: 47/60 MP: 11/11
   409 | D        | Reached **** piety under Beogh
   430 | D        | Noticed Grum
   435 | D        | Killed Grum
   435 | D        | Reached skill level 8 in Invocations
   435 | D        | Reached XP level 7. HP: 36/69 MP: 8/13
   446 | D        | Arena points: 138 (+84) [x4]
   446 | D        | Reached skill level 9 in Invocations
   461 | D        | Bought a heavily runed large shield for 332 gold pieces
   471 | D        | Identified the cursed +0 large shield of Grottiness {rPois Str-5 Int+3 Dex+4} (You bought it in a shop in the Dungeon)
   495 | D        | Round 4.
   518 | D        | Noticed a deep elf mage
   519 | D        | Killed a deep elf mage
   519 | D        | Reached skill level 10 in Axes
   519 | D        | Reached skill level 10 in Invocations
   519 | D        | Reached XP level 8. HP: 40/79 MP: 10/15
   535 | D        | Noticed a deep elf mage
   544 | D        | HP: 1/79 [fire elemental[a deep elf mage] (11)]
   545 | D        | Killed a deep elf mage
   545 | D        | Reached skill level 10 in Fighting
   605 | D        | Noticed a deep elf mage
   607 | D        | Killed a deep elf mage
   607 | D        | Reached skill level 10 in Armour
   607 | D        | Reached skill level 10 in Shields
   607 | D        | Reached skill level 11 in Invocations
   607 | D        | Reached XP level 9. HP: 59/89 MP: 8/17
   655 | D        | Noticed a deep elf mage
   656 | D        | Noticed a deep elf mage
   661 | D        | Killed a deep elf mage
   663 | D        | Killed a deep elf mage
   663 | D        | Reached skill level 12 in Invocations
   669 | D        | Arena points: 162 (+24) [x1]
   684 | D        | Round 5.
   729 | D        | Noticed a black mamba
   730 | D        | Killed a black mamba
   743 | D        | Noticed a giant anaconda
   754 | D        | Killed a giant anaconda
   754 | D        | Arena points: 282 (+120) [x3]
   754 | D        | Reached skill level 13 in Invocations
   754 | D        | Reached XP level 10. HP: 17/100 MP: 4/19
   755 | D        | Found the +3 Elemental Staff {rElec rF++ rC++ MR++ AC+5}
   757 | D        | Got a serpentine rune of Zot
   950 | D        | Round 6.
   954 | D        | Noticed a sea snake
   955 | D        | Killed a sea snake
   955 | D        | Reached skill level 1 in Staves
   957 | D        | Noticed a cyclops
   969 | D        | Killed a cyclops
   991 | D        | Noticed a merfolk siren
   992 | D        | Reached skill level 14 in Invocations
   992 | D        | Reached XP level 11. HP: 35/107 MP: 2/21
  1007 | D        | Noticed a manticore
  1009 | D        | Killed a manticore
  1009 | D        | Arena points: 474 (+192) [x4]
  1009 | D        | Reached skill level 5 in Staves
  1021 | D        | Bought a pair of steaming gloves for 332 gold pieces
  1026 | D        | Identified the +3 pair of gloves of Fortitude {rElec} (You bought it in a shop in the Dungeon)
  1031 | D        | Round 7.
  1085 | D        | Noticed a red ugly thing
  1087 | D        | Killed a red ugly thing
  1090 | D        | Noticed a brown ugly thing
  1091 | D        | Noticed a cyan ugly thing
  1091 | D        | Noticed a brown ugly thing
  1092 | D        | Noticed a red ugly thing
  1092 | D        | Noticed a cyan ugly thing
  1093 | D        | Noticed a purple ugly thing
  1098 | D        | Killed a brown ugly thing
  1100 | D        | Killed a brown ugly thing
  1100 | D        | Reached skill level 15 in Invocations
  1112 | D        | Killed a purple ugly thing
  1117 | D        | Killed a red ugly thing
  1120 | D        | HP: 3/166 [red ugly thing (12)]
  1120 | D        | Slain by a red ugly thing

Vault maps used:
D:        arena_sprint

Skill      XL: |  1  2  3  4  5  6  7  8  9 10 11 |
---------------+----------------------------------+-----
Fighting       | 5 6 7 8 9 11 12 13 14 | 14.3
Axes           | 5 6 7 9 10 11 13 | 13.4
Invocations    | 4 5 7 8 10 11 13 14 15 | 15.2
Armour         | 5 6 7 9 10 11 12 13 | 13.3
Shields        | 5 6 7 9 10 11 12 13 | 13.4
Staves         | 4 6 |  6.1

Action                   |  1- 3 |  4- 6 |  7- 9 | 10-12 || total
-------------------------+-------+-------+-------+-------++-------
Melee: War axe           |     8 |    60 |    18 |       ||    86
       Staff             |       |       |       |    33 ||    33
Invok: Smiting           |       |     1 |    16 |    25 ||    42
  Use: Potion            |     2 |       |     3 |     6 ||    11
  Eat: Bread ration      |       |       |       |     1 ||     1
Armor: Scale mail        |     3 |    25 |     6 |     5 ||    39
Dodge: Dodged            |       |    19 |     8 |     6 ||    33
Block: Shield            |     3 |    46 |     4 |       ||    53
       Large shield      |       |       |    15 |    21 ||    36

Table legend:
 A = Spawn XP
 B = Non-spawn XP
 C = Spawn XP percentage of total XP
 D = Spawn monster count
 E = Non-spawn monster count
 F = Spawn count percentage of total count
 G = Total turns spent on level
                    A         B        C        D         E        F      G
               +---------+---------+-------+---------+---------+-------+---------
         Total |       0 |   10995 |   0.0 |       0 |      36 |   0.0 |  1120
               +---------+---------+-------+---------+---------+-------+---------
             D |       0 |   10995 |   0.0 |       0 |      36 |   0.0 |  1120
               +---------+---------+-------+---------+---------+-------+---------
